 Dungeon Crawl Stone Soup version 0.20.1-1-g8b1a95d (console) character file.

329 hilaritas the Covert (level 6, -6/39 HPs)
             Began as an Octopode Assassin on Dec 10, 2017.
             Was a Follower of Dithmenos.
             Killed by divine providence
             ... invoked by an orc priest
              (11 damage)
             ... on level 3 of the Dungeon.
             The game lasted 00:05:53 (2306 turns).

hilaritas the Covert (Octopode Assassin)            Turns: 2306, Time: 00:05:54

Health: -6/39      AC:  1    Str: 13    XL:     6   Next: 51%
Magic:  7/7        EV: 13    Int: 13    God:    Dithmenos [*.....]
Gold:   89         SH:  0    Dex: 13    Spells: 5/5 levels left

rFire    + . .     SeeInvis .   a - +2 dagger
rCold    . . .     Gourm    .   (no shield)
rNeg     . . .     Faith    .   (helmet restricted)
rPois    .         Spirit   .   (no amulet)
rElec    .         Reflect  .   i - ring of protection from fire
rCorr    .         Harm     .   (no ring)
MR       .....                  (no ring)
Stlth    +++.......             (no ring)
Regen    0.2/turn               (no ring)
MPRegen  0.1/turn               (no ring)
                                (no ring)
                                (no ring)

@: confused, wreathed by umbra
A: almost no armour, stealthy swim, amphibious, 8 rings, constrict 8, camouflage
1, gelatinous body 1
a: Renounce Religion


You were on level 3 of the Dungeon.
You worshipped Dithmenos.
Dithmenos was aware of your devotion.
You were not hungry.

You visited 1 branch of the dungeon, and saw 3 of its levels.

You collected 89 gold pieces.

Inventory:

Hand Weapons
 a - a +2 dagger (weapon)
 b - a +0 blowgun
Missiles
 c - 26 poisoned needles
 d - 2 curare-tipped needles
Armour
 h - a +0 large shield
Jewellery
 i - a ring of protection from fire (left tentacle)
Scrolls
 j - a scroll of noise {unknown}
Potions
 e - a potion of heal wounds {unknown}
 k - a potion of magic
 l - a potion of curing {unknown}
 m - a potion of flight {unknown}
 n - a potion of lignification {unknown}
 p - a potion of ambrosia
 q - a potion of degeneration {unknown}
Comestibles
 f - 3 bread rations
 g - 3 fruits
 o - 7 chunks of flesh
 r - 2 royal jellies


   Skills:
 - Level 2.2 Fighting
 * Level 3.4 Short Blades
 - Level 2.0 Throwing
 - Level 1.0 Dodging
 + Level 8.9 Stealth
 - Level 0.4 Shields
 * Level 2.3 Invocations


You had 5 spell levels left.
You didn't know any spells.

Dungeon Overview and Level Annotations

Branches:
Dungeon (3/15)

Altars:
Dithmenos
Makhleb
Uskayaw


Innate Abilities, Weirdness & Mutations

You cannot wear most types of armour.
You are very stealthy in the water. (Stealth+)
You are amphibious.
You can wear up to eight rings at the same time.
You can use your tentacles to constrict eight enemies at once.
Your skin changes colour to match your surroundings (Stealth+).
Your rubbery body absorbs attacks. (AC +1, EV +1)


Message History

The orc is severely wounded.
You constrict the orc.
You kill the orc!
Dithmenos accepts your kill.
You hit the orc. You grab the orc.
The orc is heavily wounded.
You constrict the orc, but do no damage.
The orc hits you with a short sword.
You hit the orc.
You kill the orc!
Dithmenos accepts your kill.
The orc priest calls down the wrath of Beogh upon you.
Beogh smites you!
* * * LOW HITPOINT WARNING * * *
It was a potion of ambrosia.
You are confused.
You feel invigorated.
The orc priest mumbles some strange prayers to Beogh against you.
Beogh smites you!
You die...

#...........#.# #.♣.♣.♣...#.#.#
#.........#.#.# #.........#.#.#
#.............# ..##..###..##.#
) ####..# ##.##.### $..
......###...#...#####.....
#.....##....)...o..ooo...#####
..)..♣♣♣♣♣..#.##)####...##...##
)###.♣.♣♣♣....##@########...[.#
## #..(..............#..#.(...#
#####♣♣♣.♣###........'..'...(.#
#....♣♣♣♣♣###.#......#[.#.....#
#...............#....####....(#
#.......#####.#####.## ##)..##
#.......# #.# #.## #####
#...[...## #.# #..#
#....<...♣#♣#♣#♣#♣#♣.#
########..)..........# #
##♣#♣#♣#♣#♣#♣##


You could see an orc priest.

Vanquished Creatures
  Sigmund (D:3)
  A scorpion (D:3)
  Terence (D:3)
  An adder (D:3)
  2 worms (D:2)
  A dart slug (D:2)
  2 leopard geckos
  13 orcs (D:3)
  A ball python (D:1)
  7 bats
  3 giant cockroaches
  4 goblins
  A hobgoblin (D:2)
  8 jackals
  A kobold (D:1)
  3 quokkas (D:2)
  6 frilled lizards
  5 rats
61 creatures vanquished.

Notes
Turn   | Place    | Note
-------+----------+-------------------------------------------
     0 | D:1      | hilaritas the Octopode Assassin began the quest for the Orb.
     0 | D:1      | Reached XP level 1. HP: 14/14 MP: 1/1
   364 | D:1      | Reached XP level 2. HP: 19/19 MP: 2/2
   646 | D:1      | Reached skill level 6 in Stealth
   757 | D:2      | Reached XP level 3. HP: 19/24 MP: 3/3
  1250 | D:2      | Found a shadowy altar of Dithmenos.
  1255 | D:2      | Became a worshipper of Dithmenos the Shadowed
  1314 | D:2      | Found a hide-covered altar of Uskayaw.
  1314 | D:2      | Found a burning altar of Makhleb.
  1726 | D:3      | Reached skill level 7 in Stealth
  1736 | D:3      | Reached XP level 4. HP: 15/29 MP: 4/4
  2061 | D:3      | Reached skill level 1 in Invocations
  2061 | D:3      | Reached XP level 5. HP: 34/34 MP: 5/5
  2120 | D:3      | Noticed Sigmund
  2123 | D:3      | Reached * piety under Dithmenos
  2129 | D:3      | Killed Sigmund
  2129 | D:3      | Reached skill level 8 in Stealth
  2129 | D:3      | Reached XP level 6. HP: 39/39 MP: 5/7
  2233 | D:3      | Noticed Terence
  2237 | D:3      | Killed Terence
  2306 | D:3      | Killed from afar by an orc priest

Skill      XL: |  1  2  3  4  5 |
---------------+----------------+-----
Stealth        | 6 7 8 |  8.9
Invocations    | 1 2 |  2.3
Short Blades   | 3 |  3.4
Fighting       | |  2.2
Throwing       | |  2.0
Dodging        | |  1.0
Shields        | |  0.4

Action                   |  1- 3 |  4- 6 || total
-------------------------+-------+-------++-------
Melee: Dagger            |    75 |    33 ||   108
       Constrict         |    22 |    10 ||    32
       Tentacles         |    13 |     5 ||    18
  Use: Scroll            |     5 |       ||     5
       Potion            |       |     1 ||     1
 Stab: Sleeping          |    12 |    11 ||    23
  Eat: Chunk             |     2 |     2 ||     4
Armor: Skin              |     5 |     1 ||     6
Dodge: Dodged            |    37 |     4 ||    41
